 Dungeon Crawl Stone Soup version 0.29.1-12-g30fa7ad0bf (webtiles) character file.

Game seed: 3454722699693156131

227 retardedninja the Covered (level 5, 0/48 HPs)
             Began as a Minotaur Fighter on Jan 12, 2023.
             Slain by a lemure (1 damage)
             ... led by Pikel
             ... on level 4 of the Dungeon.
             The game lasted 00:04:02 (2519 turns).

retardedninja the Covered (Minotaur Fighter)        Turns: 2519, Time: 00:04:03

Health: 0/48       AC: 11    Str: 23    XL:     5   Next: 70%
Magic:  4/4        EV:  6    Int:  5    God:
Gold:   172        SH:  8    Dex:  9    Spells: 4/4 levels left

rFire   . . .      SeeInvis .   a - +0 war axe
rCold   . . .      Faith    .   j - +0 kite shield
rNeg    . . .      Spirit   .   i - +0 chain mail
rPois   .          Reflect  .   (helmet restricted)
rElec   .          Harm     .   e - +0 cloak
rCorr   .          Rampage  .   (no gloves)
Will    .....                   (no boots)
Stlth   ..........              (no amulet)
HPRegen 0.16/turn               (no ring)
MPRegen 0.09/turn               (no ring)

@: no status effects
A: horns 2, retaliatory headbutt
a: no special abilities


You were on level 4 of the Dungeon.
You visited 1 branch of the dungeon, and saw 4 of its levels.

You collected 172 gold pieces.

Inventory:

Hand Weapons
 a - a +0 war axe (weapon)
Armour
 e - a +0 cloak (worn)
 i - a +0 chain mail (worn)
 j - a +0 kite shield (worn)
Jewellery
 b - a ring of magical power
 m - a ring of fire
Scrolls
 c - 3 scrolls of butterflies {unknown}
 h - a scroll of identify {unknown}
 k - a scroll of teleportation {unknown}
 r - a scroll of blinking {unknown}
Potions
 f - a potion of magic
 g - 2 potions of flight
 l - a potion of ambrosia {unknown}
 n - a potion of invisibility {unknown}
 o - a potion of resistance {unknown}
 p - a potion of heal wounds {unknown}
 q - a potion of haste {unknown}
 s - a potion of attraction {unknown}
 t - a potion of mutation {unknown}
 u - a potion of curing {unknown}


   Skills:
 + Level 5.0 Fighting
 + Level 4.1 Axes
 + Level 5.0 Armour
 + Level 5.0 Shields


You had 4 spell levels left.
You didn't know any spells.
Your spell library was empty.

Dungeon Overview and Level Annotations

Branches:
Dungeon (4/15)
 Temple: D:4-7

Altars:
Yredelemnul

Shops:
D:1 ?

Annotations:
D:4 Pikel


Innate Abilities, Weirdness & Mutations

You have a pair of horns on your head.
You reflexively headbutt those who attack you in melee.


Message History

The lemure attacks as you move away! The lemure hits you!
A necrophage comes into view.
You block the hound's attack. Pikel hits you but does no damage.
You closely miss Pikel. You headbutt Pikel.
Pikel is lightly wounded.
You slash the lemure! You barely miss the hound.
The hound bites you but does no damage. x2; Pikel zaps a wand.
The bolt of dispelling energy hits you!
Your magical effects are unravelling.
You block the hound's attack. Pikel hits you but does no damage.
The lemure hits you. The lemure hits you but does no damage.
You barely miss Pikel.
Pikel is lightly wounded.
You slash the hound! You slash the lemure! You closely miss the lemure.
You feel a little less mighty now. The hound bites you but does no damage.
The lemure hits you but does no damage. The lemure hits you.
Pikel hits you with a +0 whip of flaming.
Pikel burns you.
* * * LOW HITPOINT WARNING * * *
The hound barely misses you. You furiously retaliate!
You headbutt the hound!
You kill the hound!
Your Fighting skill increases to level 5!
Your Armour skill increases to level 5!
Your Shields skill increases to level 5!
It was a potion of flight.
You feel very buoyant.
You fly up into the air.
Pikel zaps a wand.
The bolt of dispelling energy hits you.
Your magical effects are unravelling.
* * * LOW HITPOINT WARNING * * *
The lemure hits you.
* * * LOW HITPOINT WARNING * * *
You block the lemure's attack.
It was a potion of magic.
Magic courses through your body.
You float gracefully downwards.
The lemure hits you.
* * * LOW HITPOINT WARNING * * *
The lemure hits you but does no damage. The necrophage barely misses you.
The lemure hits you.
You die...

..... #####...#<
.........
##......^#
#.<......# #
###........#
#.####..........#
#....(....###....
.##..5@5.#..# .#.
#.....Kn5##...#
..
.......5###.....
. #....?.##
(.#.### ...#.=.
###.. .# #... ...
#.... ... ......
....


You could see Pikel, 4 lemures and a necrophage.

Vanquished Creatures
  A hound (D:4)
  An orc wizard (D:3)
  2 adders
  4 gnolls (D:3)
  3 worms (D:3)
  5 dart slugs
  4 orcs (D:3)
  11 ball pythons
  6 bats
  10 endoplasms
  7 giant cockroaches
  7 goblins
  7 hobgoblins
  3 jackals (D:2)
  6 kobolds
  4 quokkas
  6 frilled lizards
  7 rats
94 creatures vanquished.

Notes
Turn   | Place    | Note
-------+----------+-------------------------------------------
     0 | D:1      | retardedninja the Minotaur Fighter began the quest for the
                  | Orb.
     0 | D:1      | Reached XP level 1. HP: 19/19 MP: 0/0
   116 | D:1      | Found a faded altar of an unknown god.
   271 | D:1      | Reached XP level 2. HP: 27/27 MP: 1/1
   306 | D:1      | Found Vavioc's Magic Scroll Shop.
   919 | D:2      | Reached XP level 3. HP: 33/33 MP: 2/2
  1131 | D:2      | Found a basalt altar of Yredelemnul.
  1634 | D:2      | Reached XP level 4. HP: 40/41 MP: 3/3
  2019 | D:3      | Reached XP level 5. HP: 37/47 MP: 4/4
  2509 | D:4      | Noticed Pikel
  2509 | D:4      | Noticed a lemure
  2510 | D:4      | Noticed a lemure
  2510 | D:4      | Noticed a lemure
  2512 | D:4      | Noticed a lemure
  2518 | D:4      | Reached skill level 5 in Fighting
  2518 | D:4      | Reached skill level 5 in Armour
  2518 | D:4      | Reached skill level 5 in Shields
  2519 | D:4      | HP: 1/48 [lemure[Pikel] (6)]
  2519 | D:4      | Slain by a lemure

Illustrated notes

Levels and vault maps discovered:
D:1:      minmay_arrival_checkered_box, layout_loops_ring,
          hellmonk_ecumenical_altar_lost_god, serial_shops, shop_fountains
D:2:      kb_forest_paths, layout_loops_ring, basic_altar, minmay_tromino_i2
D:3:      minmay_chambers_of_threes, layout_basic, st_stairs_1,
          kennysheep_generic_room_6
D:4:      layout_rooms, pdpol_wu_jian_five_deadly_venoms, serial_shops, shop,
          uniq_natasha, uniq_pikel

Skill      XL: |  1  2  3  4  5 |
---------------+----------------+-----
Fighting       | 4 5 |  5.0
Armour         | 4 5 |  5.0
Shields        | 4 5 |  5.0
Axes           | 3 4 |  4.1

Action                   |  1- 3 |  4- 6 || total
-------------------------+-------+-------++-------
Melee: War axe           |    97 |    84 ||   181
       Headbutt          |    15 |    14 ||    29
  Use: Potion            |       |     3 ||     3
Armor: Scale mail        |    11 |       ||    11
       Chain mail        |    50 |    66 ||   116
Dodge: Dodged            |    39 |    30 ||    69
Block: Buckler           |    23 |       ||    23
       Kite shield       |    13 |    46 ||    59
